[ AOE2 MATCH · #470103964 ]
UnrankedByzantines vs Wei
[ REPLAY ANALYSIS · EXTRACTED FROM THE RECORDED GAME ]
Feudal
9:19
Castle
—
Imperial
—
| APM avg | 67.5 |
| APM peak | 103 |
| eAPM avg | 34.4 |
| Villagers / military | 41 / 22 |
Focus
⚔️ 67.6% · 🌾 32.4%
Scout Cavalry ×22
Feudal
9:19
Castle
—
Imperial
—
| APM avg | 57.9 |
| APM peak | 101 |
| eAPM avg | 23.6 |
| Villagers / military | 41 / 30 |
Focus
⚔️ 47.0% · 🌾 53.0%
Archer ×30
Feudal
8:51
Castle
—
Imperial
—
| APM avg | 52.2 |
| APM peak | 78 |
| eAPM avg | 23.4 |
| Villagers / military | 38 / 20 |
Focus
⚔️ 50.7% · 🌾 49.3%
Scout Cavalry ×16 · Spearman ×4
Feudal
—
Castle
—
Imperial
—
| APM avg | 36.8 |
| APM peak | 65 |
| eAPM avg | 15.2 |
| Villagers / military | 40 / 0 |
Focus
⚔️ 20.7% · 🌾 79.3%
Feudal
10:27
Castle
—
Imperial
—
| APM avg | 57.1 |
| APM peak | 92 |
| eAPM avg | 17.5 |
| Villagers / military | 28 / 9 |
Focus
⚔️ 27.4% · 🌾 72.6%
Scout Cavalry ×9
Feudal
17:56
Castle
—
Imperial
—
| APM avg | 39.0 |
| APM peak | 81 |
| eAPM avg | 21.3 |
| Villagers / military | 39 / 0 |
Focus
⚔️ 33.1% · 🌾 66.9%
Feudal
10:42
Castle
—
Imperial
—
| APM avg | 49.0 |
| APM peak | 78 |
| eAPM avg | 18.4 |
| Villagers / military | 46 / 23 |
Focus
⚔️ 27.3% · 🌾 72.7%
Scout Cavalry ×23
Feudal
8:27
Castle
—
Imperial
—
| APM avg | 45.7 |
| APM peak | 67 |
| eAPM avg | 17.9 |
| Villagers / military | 33 / 43 |
Focus
⚔️ 45.3% · 🌾 54.7%
Archer ×43
Match map
Initial resources + every placement click. Lines = walls · curves = elevation contours. ◆ gold · ⬟ stone · ● berries · ✦ relic · ◌ wall gap
Your base· Open — unwalled flank
此号极易排到畜生's base· Open — 6t gap
Rodrixs's base· Open — 3t gap
Forcewiz's base· Open — 15t gap
Coolman916's base· Open — 7t gap
XEVER | Landy's base· Open — 6t gap
DMenisDenis's base· Open — unwalled flank
Lina Mist's base· Open — 7t gap
Smoothed initial terrain · ◌ = detected wall gap · hover for details
Inputs per minute
— iDabs - - 此号极易排到畜生
Build order — iDabs
117 actions detected in the replay
| 0:00 | Queue | Villager (Male) |
| 0:01 | Queue | Villager (Male) |
| 0:02 | Build | House |
| 0:03 | Build | House |
| 0:14 | Queue | Villager (Male) |
| 0:14 | Queue | Villager (Male) |
| 1:28 | Queue | Villager (Male) |
| 1:48 | Queue | Villager (Male) |
| 1:50 | Build | Lumber Camp |
| 2:15 | Queue | Villager (Male) |
| 2:34 | Queue | Villager (Male) |
| 2:49 | Queue | Villager (Male) |
| 3:09 | Queue | Villager (Male) |
| 3:27 | Build | House |
| 3:32 | Build | House |
| 3:34 | Build | House |
| 3:57 | Queue | Villager (Male) |
| 4:14 | Build | Mill |
| 4:30 | Queue | Villager (Male) |
| 4:50 | Queue | Villager (Male) |
| 5:19 | Queue | Villager (Male) |
| 5:51 | Queue | Villager (Male) |
| 6:19 | Queue | Villager (Male) |
| 6:40 | Research | Loom |
| 6:57 | Research | Feudal Age |
| 7:24 | Queue | Villager (Male) |
| 7:46 | Queue | Villager (Male) |
| 8:25 | Queue | Villager (Male) |
| 8:32 | Build | Barracks |
| 9:19 | Age | Feudal Age |
| 9:22 | Build | Stable |
| 9:26 | Queue | Villager (Male) |
| 9:31 | Research | Double-Bit Axe |
| 9:46 | Build | House |
| 9:49 | Build | Farm |
| 10:05 | Build | House |
| 10:06 | Queue | Scout Cavalry |
| 10:06 | Queue | Scout Cavalry |
| 10:06 | Queue | Scout Cavalry |
| 10:19 | Build | Farm |
| 10:22 | Research | Horse Collar |
| 10:27 | Queue | Villager (Male) |
| 10:33 | Build | Farm |
| 10:36 | Build | Farm |
| 10:55 | Queue | Villager (Male) |
| 10:56 | Queue | Scout Cavalry |
| 11:05 | Build | Farm |
| 11:13 | Build | House |
| 11:16 | Build | House |
| 11:22 | Queue | Villager (Male) |
| 11:27 | Build | Farm |
| 11:28 | Queue | Scout Cavalry |
| 11:45 | Queue | Villager (Male) |
| 11:56 | Build | Farm |
| 12:09 | Queue | Villager (Male) |
| 12:15 | Build | Farm |
| 12:16 | Build | Farm |
| 12:20 | Build | Farm |
| 12:22 | Queue | Scout Cavalry |
| 12:40 | Queue | Villager (Male) |
| 12:55 | Queue | Scout Cavalry |
| 13:05 | Queue | Villager (Male) |
| 13:08 | Build | Farm |
| 13:09 | Build | Farm |
| 13:11 | Build | Farm |
| 13:14 | Build | Farm |
| 13:25 | Queue | Villager (Male) |
| 13:40 | Queue | Villager (Male) |
| 13:59 | Build | Farm |
| 14:01 | Build | Farm |
| 14:03 | Build | Farm |
| 14:05 | Queue | Villager (Male) |
| 14:16 | Queue | Scout Cavalry |
| 14:21 | Queue | Villager (Male) |
| 14:30 | Build | Stable |
| 14:35 | Queue | Villager (Male) |
| 14:53 | Queue | Scout Cavalry |
| 15:09 | Queue | Scout Cavalry |
| 15:16 | Build | Blacksmith |
| 15:27 | Queue | Villager (Male) |
| 15:36 | Queue | Scout Cavalry |
| 15:53 | Queue | Scout Cavalry |
| 15:53 | Queue | Scout Cavalry |
| 15:54 | Queue | Villager (Male) |
| 16:07 | Queue | Scout Cavalry |
| 16:19 | Queue | Scout Cavalry |
| 16:22 | Queue | Villager (Male) |
| 16:30 | Build | House |
| 16:33 | Build | House |
| 16:49 | Build | Farm |
| 16:50 | Build | Farm |
| 16:50 | Build | Farm |
| 16:50 | Build | Farm |
| 16:50 | Build | Farm |
| 16:50 | Build | Farm |
| 16:51 | Research | Scale Barding Armor |
| 16:53 | Queue | Villager (Male) |
| 16:58 | Build | House |
| 16:58 | Build | House |
| 17:00 | Build | House |
| 17:31 | Queue | Villager (Male) |
| 17:36 | Queue | Villager (Male) |
| 17:40 | Build | Mining Camp |
| 17:48 | Queue | Scout Cavalry |
| 17:59 | Queue | Scout Cavalry |
| 18:04 | Build | Farm |
| 18:20 | Queue | Villager (Male) |
| 18:21 | Queue | Scout Cavalry |
| 18:21 | Queue | Scout Cavalry |
| 18:43 | Queue | Villager (Male) |
| 18:58 | Queue | Scout Cavalry |
| 18:58 | Queue | Scout Cavalry |
| 19:04 | Queue | Villager (Male) |
| 19:08 | Build | House |
| 19:09 | Build | House |
| 19:10 | Build | House |
| 19:13 | Queue | Scout Cavalry |
Build order — 此号极易排到畜生
121 actions detected in the replay
| 0:02 | Queue | Villager (Male) |
| 0:03 | Queue | Villager (Male) |
| 0:04 | Build | House |
| 0:05 | Build | House |
| 0:10 | Queue | Villager (Male) |
| 0:10 | Queue | Villager (Male) |
| 0:10 | Queue | Villager (Male) |
| 1:33 | Queue | Villager (Male) |
| 1:33 | Queue | Villager (Male) |
| 1:52 | Queue | Villager (Male) |
| 1:52 | Queue | Villager (Male) |
| 2:16 | Queue | Villager (Male) |
| 2:16 | Queue | Villager (Male) |
| 2:31 | Queue | Villager (Male) |
| 2:32 | Queue | Villager (Male) |
| 2:51 | Build | Lumber Camp |
| 3:05 | Queue | Villager (Male) |
| 3:05 | Queue | Villager (Male) |
| 3:51 | Build | House |
| 4:07 | Queue | Villager (Male) |
| 4:09 | Queue | Villager (Male) |
| 4:23 | Build | House |
| 4:48 | Queue | Villager (Male) |
| 4:51 | Build | House |
| 4:54 | Build | Palisade Wall |
| 5:05 | Queue | Villager (Male) |
| 5:06 | Queue | Villager (Male) |
| 5:30 | Build | Mining Camp |
| 5:42 | Queue | Villager (Male) |
| 5:48 | Research | Loom |
| 7:09 | Research | Feudal Age |
| 8:21 | Build | Barracks |
| 8:30 | Queue | Villager (Male) |
| 8:44 | Build | Palisade Wall |
| 8:54 | Queue | Villager (Male) |
| 9:19 | Age | Feudal Age |
| 9:26 | Build | House |
| 9:31 | Build | Archery Range |
| 9:35 | Research | Double-Bit Axe |
| 9:35 | Research | Double-Bit Axe |
| 9:45 | Queue | Villager (Male) |
| 9:51 | Build | Archery Range |
| 9:55 | Build | Palisade Wall |
| 9:57 | Build | Palisade Wall |
| 10:04 | Queue | Villager (Male) |
| 10:05 | Build | Mill |
| 10:28 | Build | House |
| 10:29 | Build | Palisade Wall |
| 10:31 | Queue | Archer |
| 10:33 | Queue | Archer |
| 10:40 | Queue | Archer |
| 10:40 | Queue | Archer |
| 10:47 | Build | Palisade Wall |
| 10:52 | Queue | Villager (Male) |
| 10:59 | Build | Palisade Wall |
| 11:00 | Build | Palisade Wall |
| 11:04 | Build | Farm |
| 11:07 | Queue | Archer |
| 11:24 | Build | House |
| 11:27 | Queue | Archer |
| 11:27 | Queue | Archer |
| 11:38 | Queue | Archer |
| 11:39 | Queue | Villager (Male) |
| 11:39 | Queue | Villager (Male) |
| 11:57 | Build | Farm |
| 12:14 | Build | Blacksmith |
| 12:33 | Queue | Villager (Male) |
| 12:34 | Build | Farm |
| 12:35 | Build | Farm |
| 12:51 | Research | Fletching |
| 12:51 | Research | Fletching |
| 12:54 | Build | House |
| 13:01 | Build | Farm |
| 13:04 | Queue | Archer |
| 13:04 | Queue | Archer |
| 13:04 | Queue | Archer |
| 13:27 | Research | Padded Archer Armor |
| 13:27 | Research | Padded Archer Armor |
| 13:31 | Build | House |
| 13:32 | Build | House |
| 13:40 | Queue | Archer |
| 13:40 | Queue | Archer |
| 13:40 | Queue | Archer |
| 13:46 | Queue | Villager (Male) |
| 13:46 | Queue | Villager (Male) |
| 14:24 | Queue | Archer |
| 14:24 | Queue | Archer |
| 14:26 | Queue | Villager (Male) |
| 14:28 | Build | Palisade Wall |
| 14:36 | Queue | Archer |
| 14:37 | Queue | Archer |
| 14:38 | Queue | Villager (Male) |
| 14:56 | Build | Farm |
| 14:58 | Build | Farm |
| 15:04 | Queue | Archer |
| 15:04 | Queue | Archer |
| 15:06 | Queue | Villager (Male) |
| 15:06 | Queue | Villager (Male) |
| 15:06 | Queue | Villager (Male) |
| 15:20 | Build | Farm |
| 15:23 | Build | House |
| 15:25 | Build | House |
| 15:30 | Queue | Archer |
| 15:31 | Queue | Archer |
| 15:35 | Queue | Villager (Male) |
| 15:41 | Queue | Villager (Male) |
| 16:11 | Queue | Archer |
| 16:11 | Queue | Archer |
| 16:15 | Queue | Villager (Male) |
| 16:18 | Research | Gold Mining |
| 16:18 | Research | Gold Mining |
| 16:30 | Research | Horse Collar |
| 16:31 | Research | Horse Collar |
| 16:35 | Queue | Archer |
| 16:35 | Queue | Archer |
| 16:43 | Queue | Archer |
| 16:43 | Queue | Archer |
| 17:11 | Queue | Villager (Male) |
| 17:17 | Queue | Archer |
| 17:17 | Queue | Archer |
| 17:18 | Queue | Villager (Male) |
Build order — Rodrixs
114 actions detected in the replay
| 0:01 | Queue | Villager (Male) |
| 0:02 | Build | House |
| 0:03 | Build | House |
| 0:05 | Queue | Villager (Male) ×3 |
| 1:38 | Queue | Villager (Male) |
| 2:02 | Queue | Villager (Male) |
| 2:10 | Build | Lumber Camp |
| 2:23 | Queue | Villager (Male) |
| 2:35 | Queue | Villager (Male) |
| 2:58 | Queue | Villager (Male) |
| 2:58 | Queue | Villager (Male) |
| 2:58 | Queue | Villager (Male) |
| 3:19 | Queue | Villager (Male) |
| 3:40 | Queue | Villager (Male) |
| 3:51 | Build | House |
| 4:26 | Queue | Villager (Male) |
| 4:32 | Build | Mill |
| 4:36 | Queue | Villager (Male) |
| 5:02 | Queue | Villager (Male) |
| 5:47 | Research | Loom |
| 6:24 | Build | Lumber Camp |
| 6:29 | Research | Feudal Age |
| 7:01 | Build | Palisade Wall |
| 7:05 | Build | Palisade Wall |
| 7:06 | Build | Palisade Wall |
| 7:11 | Build | Palisade Wall |
| 7:30 | Queue | Villager (Male) |
| 7:57 | Build | House |
| 8:22 | Build | Barracks |
| 8:51 | Age | Feudal Age |
| 9:08 | Build | Stable |
| 9:11 | Research | Double-Bit Axe |
| 9:12 | Queue | Villager (Male) |
| 9:28 | Build | Farm |
| 9:35 | Queue | Villager (Male) |
| 9:36 | Queue | Spearman |
| 9:41 | Build | Farm |
| 9:50 | Build | House |
| 9:51 | Queue | Scout Cavalry |
| 9:54 | Build | Farm |
| 9:59 | Queue | Villager (Male) |
| 10:09 | Build | Farm |
| 10:24 | Build | Farm |
| 10:35 | Build | Farm |
| 10:35 | Queue | Villager (Male) |
| 10:41 | Build | House |
| 10:51 | Build | Farm |
| 10:54 | Queue | Scout Cavalry |
| 11:14 | Build | Farm |
| 11:20 | Queue | Villager (Male) |
| 11:22 | Build | House |
| 11:28 | Build | Palisade Gate |
| 11:29 | Build | Palisade Wall |
| 11:35 | Build | Palisade Wall |
| 11:39 | Build | House |
| 11:48 | Queue | Villager (Male) |
| 11:49 | Queue | Scout Cavalry |
| 11:52 | Build | House |
| 12:00 | Build | Farm |
| 12:11 | Queue | Villager (Male) |
| 12:16 | Build | Farm |
| 12:33 | Queue | Scout Cavalry |
| 12:38 | Queue | Villager (Male) |
| 13:00 | Queue | Villager (Male) |
| 13:03 | Build | Farm |
| 13:04 | Build | Farm |
| 13:06 | Build | Farm |
| 13:15 | Queue | Villager (Male) |
| 13:18 | Queue | Scout Cavalry |
| 13:37 | Queue | Scout Cavalry |
| 13:48 | Queue | Villager (Male) |
| 13:51 | Build | Farm |
| 13:53 | Build | Farm |
| 14:08 | Build | Blacksmith |
| 14:17 | Queue | Scout Cavalry |
| 14:18 | Queue | Villager (Male) |
| 14:19 | Queue | Scout Cavalry |
| 14:33 | Queue | Spearman |
| 14:40 | Research | Horse Collar |
| 14:41 | Queue | Villager (Male) |
| 14:59 | Queue | Spearman |
| 15:00 | Queue | Villager (Male) |
| 15:03 | Queue | Scout Cavalry |
| 15:05 | Build | Farm |
| 15:12 | Build | Farm |
| 15:15 | Research | Scale Barding Armor |
| 15:23 | Queue | Villager (Male) |
| 15:35 | Queue | Scout Cavalry |
| 15:50 | Queue | Villager (Male) |
| 15:54 | Queue | Scout Cavalry |
| 16:04 | Queue | Villager (Male) |
| 16:08 | Build | Farm |
| 16:17 | Build | Mining Camp |
| 16:35 | Queue | Scout Cavalry |
| 16:37 | Queue | Villager (Male) |
| 16:39 | Queue | Scout Cavalry |
| 16:41 | Queue | Scout Cavalry |
| 16:52 | Build | Farm |
| 17:03 | Queue | Villager (Male) |
| 17:41 | Queue | Villager (Male) |
| 18:01 | Build | Palisade Wall |
| 18:03 | Build | Farm |
| 18:04 | Build | Farm |
| 18:06 | Queue | Spearman |
| 18:06 | Queue | Scout Cavalry |
| 18:12 | Queue | Villager (Male) |
| 18:23 | Build | Farm |
| 18:23 | Build | Farm |
| 18:27 | Build | Farm |
| 18:54 | Research | Castle Age |
| 18:59 | Build | Stable |
| 19:03 | Queue | Scout Cavalry |
| 19:08 | Build | Farm |
| 19:09 | Build | Farm |
Build order — Forcewiz
50 actions detected in the replay
| 0:01 | Queue | Villager (Male) |
| 0:01 | Queue | Villager (Male) |
| 0:02 | Queue | Villager (Male) |
| 0:02 | Queue | Villager (Male) |
| 0:04 | Build | House |
| 0:05 | Build | House |
| 0:06 | Queue | Villager (Male) |
| 0:06 | Queue | Villager (Male) |
| 1:28 | Queue | Villager (Male) |
| 1:56 | Build | Lumber Camp |
| 2:42 | Queue | Villager (Male) |
| 3:08 | Queue | Villager (Male) |
| 3:08 | Queue | Villager (Male) |
| 3:08 | Queue | Villager (Male) |
| 4:00 | Queue | Villager (Male) |
| 4:01 | Queue | Villager (Male) |
| 4:01 | Queue | Villager (Male) |
| 4:13 | Build | House |
| 5:05 | Queue | Villager (Male) |
| 5:50 | Queue | Villager (Male) |
| 5:51 | Queue | Villager (Male) |
| 5:51 | Queue | Villager (Male) |
| 6:09 | Queue | Villager (Male) |
| 6:10 | Queue | Villager (Male) |
| 7:10 | Build | Town Center |
| 7:36 | Build | House |
| 7:38 | Build | Palisade Wall |
| 7:43 | Build | Palisade Wall |
| 8:24 | Research | Loom |
| 8:24 | Queue | Villager (Male) |
| 8:25 | Queue | Villager (Male) |
| 8:25 | Queue | Villager (Male) |
| 8:25 | Queue | Villager (Male) |
| 8:50 | Build | Mill |
| 11:25 | Queue | Villager (Male) |
| 11:25 | Queue | Villager (Male) |
| 12:48 | Queue | Villager (Male) |
| 13:22 | Queue | Villager (Male) |
| 13:53 | Queue | Villager (Male) |
| 14:19 | Queue | Villager (Male) |
| 14:19 | Queue | Villager (Male) |
| 14:45 | Queue | Villager (Male) |
| 14:45 | Queue | Villager (Male) |
| 15:18 | Queue | Villager (Male) |
| 15:21 | Queue | Villager (Male) |
| 16:01 | Queue | Villager (Male) |
| 16:21 | Queue | Villager (Male) |
| 16:26 | Queue | Villager (Male) |
| 17:10 | Queue | Villager (Male) |
| 17:15 | Queue | Villager (Male) |
Build order — Coolman916
72 actions detected in the replay
| 0:00 | Queue | Villager (Male) |
| 0:00 | Queue | Villager (Male) |
| 0:00 | Queue | Villager (Male) |
| 0:01 | Queue | Villager (Male) |
| 0:01 | Queue | Villager (Male) |
| 0:02 | Build | House |
| 0:03 | Build | House |
| 1:32 | Queue | Villager (Male) |
| 1:44 | Queue | Villager (Male) |
| 1:45 | Queue | Villager (Male) |
| 1:52 | Build | Lumber Camp |
| 2:26 | Queue | Villager (Male) |
| 2:54 | Queue | Villager (Male) |
| 3:27 | Queue | Villager (Male) |
| 3:29 | Queue | Villager (Male) |
| 3:38 | Queue | Villager (Male) |
| 4:08 | Queue | Villager (Male) |
| 4:13 | Build | House |
| 4:43 | Queue | Villager (Male) |
| 4:44 | Queue | Villager (Male) |
| 5:00 | Build | House |
| 5:26 | Queue | Villager (Male) |
| 5:34 | Build | Mill |
| 7:44 | Queue | Villager (Male) |
| 7:48 | Research | Feudal Age |
| 7:48 | Research | Feudal Age |
| 7:52 | Research | Loom |
| 7:52 | Research | Feudal Age |
| 7:56 | Build | Barracks |
| 8:15 | Queue | Villager (Male) |
| 8:38 | Build | House |
| 8:42 | Build | Palisade Wall |
| 8:44 | Build | Palisade Wall |
| 9:41 | Queue | Villager (Male) |
| 10:06 | Build | Palisade Wall |
| 10:08 | Build | Palisade Wall |
| 10:08 | Build | Palisade Wall |
| 10:27 | Age | Feudal Age |
| 10:29 | Build | Stable |
| 11:16 | Queue | Scout Cavalry |
| 11:17 | Queue | Scout Cavalry |
| 11:21 | Build | House |
| 11:23 | Build | Palisade Wall |
| 11:35 | Build | Blacksmith |
| 12:04 | Research | Forging |
| 12:04 | Research | Forging |
| 12:18 | Queue | Scout Cavalry |
| 12:24 | Queue | Villager (Male) |
| 12:26 | Build | Pasture |
| 13:18 | Queue | Scout Cavalry |
| 13:22 | Queue | Villager (Male) |
| 13:27 | Build | Pasture |
| 13:40 | Research | Scale Barding Armor |
| 13:45 | Queue | Scout Cavalry |
| 14:25 | Queue | Villager (Male) |
| 14:30 | Build | Lumber Camp |
| 14:34 | Build | Pasture |
| 14:43 | Queue | Scout Cavalry |
| 14:50 | Queue | Villager (Male) |
| 14:52 | Queue | Villager (Male) |
| 15:10 | Build | Pasture |
| 15:35 | Queue | Scout Cavalry |
| 16:13 | Queue | Scout Cavalry |
| 16:16 | Queue | Villager (Male) |
| 16:19 | Build | Pasture |
| 16:22 | Build | Pasture |
| 16:25 | Build | Pasture |
| 16:32 | Queue | Scout Cavalry |
| 17:04 | Build | Pasture |
| 17:06 | Queue | Villager (Male) |
| 17:11 | Build | Mining Camp |
| 17:16 | Queue | Villager (Male) |
Build order — XEVER | Landy
98 actions detected in the replay
| 0:01 | Research | Loom |
| 0:02 | Queue | Villager (Male) |
| 0:02 | Build | House |
| 0:03 | Queue | Villager (Male) |
| 0:04 | Build | House |
| 0:04 | Queue | Villager (Male) |
| 1:35 | Queue | Villager (Male) |
| 2:14 | Queue | Villager (Male) |
| 2:14 | Queue | Villager (Male) |
| 2:35 | Queue | Villager (Male) |
| 2:35 | Queue | Villager (Male) |
| 2:49 | Build | Lumber Camp |
| 2:55 | Queue | Villager (Male) |
| 2:56 | Queue | Villager (Male) |
| 3:18 | Queue | Villager (Male) |
| 3:38 | Queue | Villager (Male) |
| 3:38 | Queue | Villager (Male) |
| 4:09 | Queue | Villager (Male) |
| 4:16 | Build | House |
| 4:27 | Build | House |
| 4:31 | Build | Palisade Wall |
| 4:31 | Build | Palisade Wall |
| 4:39 | Queue | Villager (Male) |
| 4:59 | Queue | Villager (Male) |
| 5:26 | Queue | Villager (Male) |
| 5:33 | Queue | Villager (Male) |
| 5:44 | Build | Palisade Wall |
| 6:03 | Build | Palisade Wall |
| 6:06 | Queue | Villager (Male) |
| 6:12 | Queue | Villager (Male) |
| 6:30 | Build | House |
| 6:33 | Build | House |
| 6:34 | Queue | Villager (Male) |
| 6:35 | Build | House |
| 6:36 | Queue | Villager (Male) |
| 6:37 | Queue | Villager (Male) |
| 6:39 | Build | House |
| 6:39 | Queue | Villager (Male) |
| 6:47 | Build | House |
| 6:49 | Build | Palisade Wall |
| 6:52 | Build | Palisade Wall |
| 6:54 | Queue | Villager (Male) |
| 6:56 | Queue | Villager (Male) |
| 7:00 | Queue | Villager (Male) |
| 7:07 | Build | Palisade Wall |
| 7:09 | Build | Palisade Wall |
| 8:25 | Build | Lumber Camp |
| 9:12 | Queue | Villager (Male) |
| 9:43 | Queue | Villager (Male) |
| 10:20 | Queue | Villager (Male) |
| 10:58 | Build | Outpost |
| 11:23 | Build | Town Center |
| 11:29 | Build | House |
| 11:31 | Build | House |
| 11:34 | Build | House |
| 11:37 | Build | Palisade Wall |
| 12:13 | Queue | Villager (Male) |
| 12:16 | Build | Mill |
| 12:41 | Queue | Villager (Male) |
| 12:48 | Build | Farm |
| 12:49 | Build | Farm |
| 12:49 | Build | Farm |
| 12:49 | Build | Farm |
| 12:49 | Build | Farm |
| 12:50 | Build | Farm |
| 12:51 | Queue | Villager (Male) |
| 12:56 | Build | Farm |
| 12:59 | Build | Farm |
| 13:03 | Build | Farm |
| 13:06 | Build | Farm |
| 13:09 | Build | Farm |
| 13:12 | Build | Farm |
| 13:25 | Queue | Villager (Male) |
| 13:31 | Build | Farm |
| 13:37 | Build | Farm |
| 13:41 | Build | Farm |
| 14:01 | Build | Farm |
| 14:01 | Queue | Villager (Male) |
| 14:19 | Build | Farm |
| 14:22 | Build | Farm |
| 14:26 | Build | Farm |
| 14:26 | Queue | Villager (Male) |
| 14:47 | Queue | Villager (Male) |
| 15:07 | Build | Mining Camp |
| 15:19 | Build | Farm |
| 15:46 | Research | Feudal Age |
| 15:46 | Research | Feudal Age |
| 16:08 | Build | Barracks |
| 17:22 | Build | Mining Camp |
| 17:42 | Queue | Villager (Male) |
| 17:56 | Age | Feudal Age |
| 17:58 | Build | Market |
| 18:00 | Build | Blacksmith |
| 18:15 | Queue | Villager (Male) |
| 18:48 | Research | Castle Age |
| 18:49 | Research | Castle Age |
| 19:06 | Build | Palisade Wall |
| 19:14 | Research | Fletching |
Build order — DMenisDenis
101 actions detected in the replay
| 0:01 | Queue | Villager (Male) ×4 |
| 0:02 | Queue | Villager (Male) ×4 |
| 0:03 | Build | House |
| 0:04 | Build | House |
| 1:24 | Queue | Villager (Male) |
| 1:24 | Queue | Villager (Male) |
| 1:39 | Queue | Villager (Male) |
| 1:53 | Build | Lumber Camp |
| 2:55 | Queue | Villager (Male) |
| 3:21 | Queue | Villager (Male) |
| 3:46 | Queue | Villager (Male) |
| 3:51 | Queue | Villager (Male) |
| 4:08 | Build | House |
| 4:12 | Build | House |
| 4:14 | Queue | Villager (Male) |
| 4:14 | Queue | Villager (Male) |
| 4:33 | Build | Mill |
| 5:02 | Queue | Villager (Male) |
| 5:02 | Queue | Villager (Male) |
| 5:03 | Queue | Villager (Male) |
| 5:03 | Queue | Villager (Male) |
| 5:15 | Queue | Villager (Male) |
| 5:34 | Queue | Villager (Male) |
| 5:34 | Queue | Villager (Male) |
| 5:44 | Queue | Villager (Male) |
| 5:45 | Queue | Villager (Male) |
| 6:12 | Build | House |
| 6:23 | Build | House |
| 6:25 | Build | House |
| 6:40 | Queue | Villager (Male) |
| 6:40 | Queue | Villager (Male) |
| 7:00 | Queue | Villager (Male) |
| 8:29 | Research | Feudal Age |
| 8:34 | Research | Loom |
| 8:42 | Build | Barracks |
| 9:00 | Queue | Villager (Male) |
| 9:00 | Queue | Villager (Male) |
| 9:26 | Queue | Villager (Male) |
| 9:26 | Queue | Villager (Male) |
| 9:26 | Queue | Villager (Male) |
| 10:09 | Build | House |
| 10:17 | Build | Palisade Wall |
| 10:42 | Age | Feudal Age |
| 10:45 | Build | Stable |
| 10:46 | Build | Stable |
| 10:59 | Build | Stable |
| 11:04 | Queue | Villager (Male) |
| 11:05 | Queue | Villager (Male) |
| 11:27 | Research | Double-Bit Axe |
| 11:31 | Queue | Scout Cavalry |
| 11:31 | Queue | Scout Cavalry |
| 11:43 | Build | House |
| 11:56 | Build | Blacksmith |
| 12:01 | Build | Palisade Wall |
| 12:06 | Queue | Scout Cavalry |
| 12:13 | Queue | Scout Cavalry |
| 12:25 | Queue | Scout Cavalry |
| 12:25 | Queue | Scout Cavalry |
| 12:25 | Queue | Scout Cavalry |
| 12:51 | Build | Farm |
| 12:51 | Build | Farm |
| 12:51 | Build | Farm |
| 13:14 | Build | Farm |
| 13:28 | Queue | Scout Cavalry |
| 13:50 | Build | Farm |
| 13:52 | Build | Farm |
| 13:54 | Build | Farm |
| 13:56 | Queue | Villager (Male) |
| 13:57 | Queue | Villager (Male) |
| 13:57 | Queue | Villager (Male) |
| 14:37 | Build | Market |
| 14:44 | Research | Bloodlines |
| 14:56 | Build | House |
| 15:17 | Queue | Villager (Male) |
| 15:17 | Queue | Villager (Male) |
| 15:35 | Queue | Villager (Male) |
| 15:40 | Build | Farm |
| 15:40 | Build | Farm |
| 15:41 | Build | Farm |
| 16:04 | Build | Farm |
| 16:05 | Build | Farm |
| 16:07 | Build | Farm |
| 16:10 | Queue | Scout Cavalry |
| 16:10 | Queue | Scout Cavalry |
| 16:10 | Queue | Scout Cavalry |
| 16:13 | Build | Farm |
| 16:38 | Queue | Scout Cavalry |
| 16:38 | Queue | Scout Cavalry |
| 16:41 | Build | Farm |
| 16:42 | Build | Farm |
| 16:42 | Build | Farm |
| 16:42 | Build | Farm |
| 17:02 | Queue | Scout Cavalry |
| 17:12 | Queue | Scout Cavalry |
| 17:31 | Queue | Scout Cavalry |
| 18:11 | Queue | Scout Cavalry ×2 |
| 18:12 | Queue | Scout Cavalry ×2 |
| 18:52 | Queue | Scout Cavalry ×3 |
| 19:02 | Build | Mining Camp |
| 19:03 | Queue | Villager (Male) ×2 |
| 19:03 | Queue | Villager (Male) ×2 |
Build order — Lina Mist
114 actions detected in the replay
| 0:01 | Queue | Villager (Male) |
| 0:01 | Queue | Villager (Male) |
| 0:01 | Queue | Villager (Male) |
| 0:02 | Queue | Villager (Male) |
| 0:03 | Build | House |
| 0:05 | Build | House |
| 1:36 | Queue | Villager (Male) |
| 1:36 | Queue | Villager (Male) |
| 1:48 | Build | Lumber Camp |
| 2:06 | Queue | Villager (Male) |
| 2:23 | Queue | Villager (Male) |
| 2:30 | Queue | Villager (Male) |
| 2:52 | Queue | Villager (Male) |
| 2:53 | Queue | Villager (Male) |
| 3:10 | Queue | Villager (Male) |
| 3:50 | Build | House |
| 3:51 | Build | House |
| 4:03 | Queue | Villager (Male) |
| 4:03 | Queue | Villager (Male) |
| 4:25 | Queue | Villager (Male) |
| 4:35 | Queue | Villager (Male) |
| 4:35 | Research | Loom |
| 4:51 | Queue | Villager (Male) |
| 5:09 | Build | Mining Camp |
| 5:50 | Queue | Villager (Male) |
| 6:17 | Research | Feudal Age |
| 6:17 | Research | Feudal Age |
| 7:32 | Queue | Villager (Male) |
| 7:39 | Build | Barracks |
| 7:48 | Queue | Villager (Male) |
| 8:27 | Age | Feudal Age |
| 8:37 | Build | Archery Range |
| 8:43 | Build | Archery Range |
| 8:46 | Build | Archery Range |
| 8:59 | Build | House |
| 9:19 | Queue | Villager (Male) |
| 9:28 | Build | Palisade Wall |
| 9:43 | Queue | Villager (Male) |
| 9:49 | Build | Blacksmith |
| 9:50 | Build | Palisade Wall |
| 9:54 | Queue | Archer |
| 9:55 | Queue | Archer |
| 10:24 | Build | Mill |
| 10:26 | Queue | Villager (Male) |
| 10:43 | Research | Fletching |
| 10:45 | Queue | Archer |
| 10:45 | Queue | Archer |
| 11:09 | Queue | Archer |
| 11:09 | Queue | Archer |
| 11:21 | Build | Palisade Wall |
| 11:44 | Queue | Archer |
| 11:44 | Queue | Archer |
| 11:44 | Queue | Archer |
| 11:56 | Build | Palisade Wall |
| 12:02 | Queue | Villager (Male) |
| 12:03 | Queue | Archer |
| 12:03 | Queue | Archer |
| 12:13 | Build | Palisade Gate |
| 12:20 | Queue | Archer |
| 12:20 | Queue | Archer |
| 12:25 | Build | House |
| 12:47 | Queue | Archer |
| 12:47 | Queue | Archer |
| 12:47 | Queue | Villager (Male) |
| 13:00 | Queue | Archer |
| 13:14 | Queue | Villager (Male) |
| 13:21 | Build | Farm |
| 13:23 | Build | House |
| 13:45 | Queue | Archer |
| 13:45 | Queue | Villager (Male) |
| 13:47 | Queue | Archer |
| 13:50 | Build | House |
| 14:23 | Queue | Archer |
| 14:23 | Queue | Archer |
| 14:24 | Queue | Villager (Male) |
| 14:35 | Queue | Archer |
| 14:36 | Queue | Archer |
| 14:46 | Queue | Archer |
| 14:47 | Queue | Archer |
| 14:49 | Queue | Villager (Male) |
| 15:03 | Research | Padded Archer Armor |
| 15:03 | Research | Padded Archer Armor |
| 15:05 | Queue | Archer |
| 15:05 | Queue | Archer |
| 15:11 | Build | Archery Range |
| 15:30 | Queue | Archer |
| 15:30 | Queue | Archer |
| 15:40 | Build | Palisade Gate |
| 16:12 | Queue | Villager (Male) |
| 16:15 | Build | Farm |
| 16:17 | Build | Farm |
| 16:22 | Queue | Archer |
| 16:23 | Queue | Archer |
| 16:33 | Build | House |
| 16:44 | Build | Palisade Wall |
| 16:47 | Build | Stone Wall |
| 17:03 | Queue | Archer |
| 17:03 | Queue | Archer |
| 17:38 | Queue | Archer |
| 17:38 | Queue | Archer |
| 17:39 | Queue | Villager (Male) |
| 17:58 | Queue | Villager (Male) |
| 18:00 | Queue | Archer |
| 18:01 | Queue | Archer |
| 18:23 | Queue | Archer |
| 18:23 | Queue | Archer |
| 18:23 | Queue | Archer |
| 18:24 | Queue | Archer |
| 18:43 | Queue | Archer |
| 18:45 | Queue | Villager (Male) |
| 18:48 | Build | Farm |
| 18:50 | Build | Farm |
| 19:04 | Queue | Archer |
| 19:04 | Queue | Archer |
Match timeline
| 4:31 | XEVER | Landy · wall_segment Palisade Wall x1 |
| 4:31 | XEVER | Landy · wall_segment Palisade Wall x1 |
| 4:54 | 此号极易排到畜生 · wall_segment Palisade Wall x6 |
| 5:44 | XEVER | Landy · wall_segment Palisade Wall x10 |
| 6:03 | XEVER | Landy · wall_segment Palisade Wall x7 |
| 6:49 | XEVER | Landy · wall_segment Palisade Wall x1 |
| 6:52 | XEVER | Landy · wall_segment Palisade Wall x1 |
| 7:01 | Rodrixs · wall_segment Palisade Wall x1 |
| 7:05 | Rodrixs · wall_segment Palisade Wall x1 |
| 7:06 | Rodrixs · wall_segment Palisade Wall x1 |
| 7:07 | XEVER | Landy · wall_segment Palisade Wall x1 |
| 7:09 | XEVER | Landy · wall_segment Palisade Wall x1 |
| 7:11 | Rodrixs · wall_segment Palisade Wall x1 |
| 7:38 | Forcewiz · wall_segment Palisade Wall x1 |
| 7:39 | Lina Mist · first_building Barracks |
| 7:43 | Forcewiz · wall_segment Palisade Wall x1 |
| 7:56 | Coolman916 · first_building Barracks |
| 8:21 | 此号极易排到畜生 · first_building Barracks |
| 8:22 | Rodrixs · first_building Barracks |
| 8:27 | Lina Mist · age_up feudal |
| 8:32 | iDabs · first_building Barracks |
| 8:37 | Lina Mist · first_building Archery Range |
| 8:42 | Coolman916 · wall_segment Palisade Wall x3 |
| 8:42 | DMenisDenis · first_building Barracks |
| 8:44 | Coolman916 · wall_segment Palisade Wall x4 |
| 8:44 | 此号极易排到畜生 · wall_segment Palisade Wall x8 |
| 8:51 | Rodrixs · age_up feudal |
| 9:08 | Rodrixs · first_building Stable |
| 9:19 | iDabs · age_up feudal |
| 9:19 | 此号极易排到畜生 · age_up feudal |
| 9:22 | iDabs · first_building Stable |
| 9:28 | Lina Mist · wall_segment Palisade Wall x1 |
| 9:31 | 此号极易排到畜生 · first_building Archery Range |
| 9:50 | Lina Mist · wall_segment Palisade Wall x1 |
| 9:55 | 此号极易排到畜生 · wall_segment Palisade Wall x1 |
| 9:57 | 此号极易排到畜生 · wall_segment Palisade Wall x1 |
| 10:06 | Coolman916 · wall_segment Palisade Wall x1 |
| 10:08 | Coolman916 · wall_segment Palisade Wall x1 |
| 10:08 | Coolman916 · wall_segment Palisade Wall x1 |
| 10:17 | DMenisDenis · wall_segment Palisade Wall x4 |
| 10:27 | Coolman916 · age_up feudal |
| 10:29 | 此号极易排到畜生 · wall_segment Palisade Wall x1 |
| 10:29 | Coolman916 · first_building Stable |
| 10:42 | DMenisDenis · age_up feudal |
| 10:45 | DMenisDenis · first_building Stable |
| 10:47 | 此号极易排到畜生 · wall_segment Palisade Wall x4 |
| 10:59 | 此号极易排到畜生 · wall_segment Palisade Wall x1 |
| 11:00 | 此号极易排到畜生 · wall_segment Palisade Wall x1 |
| 11:21 | Lina Mist · wall_segment Palisade Wall x6 |
| 11:23 | Coolman916 · wall_segment Palisade Wall x1 |
| 11:29 | Rodrixs · wall_segment Palisade Wall x2 |
| 11:35 | Rodrixs · wall_segment Palisade Wall x1 |
| 11:37 | XEVER | Landy · wall_segment Palisade Wall x1 |
| 11:56 | Lina Mist · wall_segment Palisade Wall x1 |
| 12:01 | DMenisDenis · wall_segment Palisade Wall x1 |
| 14:28 | 此号极易排到畜生 · wall_segment Palisade Wall x1 |
| 16:08 | XEVER | Landy · first_building Barracks |
| 16:44 | Lina Mist · wall_segment Palisade Wall x1 |
| 16:47 | Lina Mist · wall_segment Stone Wall x1 |
| 17:33 | 此号极易排到畜生 · resign |
| 17:56 | XEVER | Landy · age_up feudal |
| 18:01 | Rodrixs · wall_segment Palisade Wall x1 |
| 19:06 | XEVER | Landy · wall_segment Palisade Wall x1 |
[ AI ANALYSIS · 1 CREDIT ]
What really happened in this match?
Wolo.gg analyzes every decision: build order, eco, micro, common mistakes by bracket. Personalized analysis on WhatsApp or Discord in 30 seconds.
Civ guide
Byzantines
Perfil
Jugador #4477199